 Dungeon Crawl Stone Soup version 0.21-a0-538-gd16b88a (webtiles) character file.

73864 theanonym the Severer (level 15, -15/143 HPs)
             Began as a Hill Orc Fighter on Dec 16, 2017.
             Was the Champion of Kikubaaqudgha.
             Demolished by a shambling mangrove (31 damage)
             ... on level 1 of the Swamp.
             The game lasted 01:20:32 (29592 turns).

theanonym the Severer (Hill Orc Fighter)           Turns: 29592, Time: 01:20:33

Health: -15/143    AC: 18    Str: 21    XL:     15   Next: 44%
Magic:  22/24      EV:  5    Int: 13    God:    Kikubaaqudgha [******]
Gold:   2191       SH: 14    Dex: 10    Spells: 2/14 levels left

rFire    + + .     SeeInvis .   a - +3 broad axe
rCold    . . .     Gourm    .   c - +1 shield
rNeg     . . .     Faith    .   B - +0 chain mail
rPois    +         Spirit   .   S - +0 helmet of Trog's Castigation {rF++}
rElec    .         Reflect  .   K - +0 cloak
rCorr    .         Harm     .   F - +0 pair of gloves
MR       +....                  U - +0 pair of boots (curse)
Stlth    ..........             Y - amulet of magic regeneration
HPRegen  0.33/turn              W - ring of magical power {MP+9}
MPRegen  0.44/turn              T - ring of poison resistance {rPoisrPois}

@: grasped by roots, very slightly contaminated, hasted, quick
A: talons 1, wild magic 1
a: Receive Corpses, Torment, Brand Weapon With Pain, Receive Necronomicon,
Renounce Religion


Innate Abilities, Weirdness & Mutations

You have sharp toenails.
Your spells are a little harder to cast, but a little more powerful.


   Skills:
 + Level 15.9 Fighting
 - Level 18.0 Axes
 + Level 11.8 Armour
 * Level 14.4 Shields
 + Level 7.0 Necromancy


You had 2 spell levels left.
You knew the following spells:

 Your Spells              Type           Power        Failure   Level  Hunger
a - Animate Dead          Necr           N/A          78%         4    #####..
b - Dispel Undead         Necr           ###.....     98%         5    ######.
c - Animate Skeleton      Necr           N/A          16%         1    ##.....
d - Corpse Rot            Necr           N/A          22%         2    ###....

Skill      XL: |  1  2  3  4  5  6  7  8  9 10 11 12 13 14 15 |
---------------+----------------------------------------------+-----
Axes           | 3 4 6 8 9 12 13 15 16 18 | 18.0
Fighting       | 4 5 6 7 8 9 10 12 13 15 | 15.9
Armour         | 4 6 8 10 11 | 11.8
Shields        | 4 6 8 10 12 13 14 | 14.4
Necromancy     | 4 5 7 |  7.0

Action                   |  1- 3 |  4- 6 |  7- 9 | 10-12 | 13-15 || total
-------------------------+-------+-------+-------+-------+-------++-------
Melee: War axe           |    88 |   116 |   362 |   778 |   632 ||  1976
       Flail             |       |       |       |       |    17 ||    17
       Broad axe         |       |       |       |       |   541 ||   541
Throw: Throwing net      |       |       |       |     2 |       ||     2
 Cast: Animate Skeleton  |       |       |       |       |    72 ||    72
       Corpse Rot        |       |       |       |       |     1 ||     1
Invok: Receive Corpses   |       |       |       |       |     5 ||     5
Evoke: Wand              |       |       |     2 |    28 |    25 ||    55
       Lightning rod     |       |       |       |       |    12 ||    12
  Use: Potion            |       |     2 |     1 |     3 |    11 ||    17
       Scroll            |       |       |     9 |    15 |    17 ||    41
 Stab: Paralysed         |       |       |     4 |     9 |       ||    13
       Distracted        |       |       |       |       |     4 ||     4
  Eat: Chunk             |       |     2 |    13 |    20 |    32 ||    67
       Meat ration       |       |     1 |     1 |     2 |     3 ||     7
Armor: Scale mail        |    39 |    42 |    20 |       |       ||   101
       Chain mail        |       |       |   120 |   259 |   525 ||   904
       Skin              |       |       |       |       |    12 ||    12
Dodge: Dodged            |    25 |    31 |    80 |   126 |   257 ||   519
Block: Shield            |    51 |    51 |   180 |   337 |   805 ||  1424

Inventory:

Hand Weapons
 a - a +3 broad axe (weapon)
   (You took it off an orc knight on level 1 of the Orcish Mines)
 x - a +2 flail of protection
   (You took it off Edmund on level 6 of the Dungeon)
Armour
 c - a +1 shield (worn)
 B - a +0 chain mail (worn)
   (You found it on level 5 of the Dungeon)
 F - a +0 pair of gloves (worn)
   (You found it on level 6 of the Dungeon)
 K - a +0 cloak (worn)
   (You found it on level 7 of the Dungeon)
 M - the +9 plate armour of Gapabb {-Tele rN+ MR++, 18}
   (You found it on level 6 of the Lair of Beasts)

   It protects you from negative energy.
   It affects your resistance to hostile enchantments.
   It prevents most forms of teleportation.
 S - the +0 helmet of Trog's Castigation (worn) {rF++}
   (You found it on level 8 of the Dungeon)

   It greatly protects you from fire.
 U - a cursed +0 pair of boots (worn)
   (You found it on level 8 of the Dungeon)
Jewellery
 C - an uncursed ring of wizardry {Wiz}
   (You found it on level 2 of the Lair of Beasts)
 L - an uncursed ring of positive energy {rN+rN+}
   (You found it on level 10 of the Dungeon)
 T - a ring of poison resistance (right hand) {rPoisrPois}
   (You found it on level 8 of the Dungeon)
 W - a ring of magical power (left hand) {MP+9}
   (You found it on level 3 of the Lair of Beasts)
 Y - an amulet of magic regeneration (around neck)
   (You found it on level 4 of the Lair of Beasts)
 Z - an uncursed ring of protection from magic {MR+}
   (You found it on level 10 of the Dungeon)
Wands
 d - a wand of digging (14)
   (You found it on level 10 of the Dungeon)
 l - a wand of iceblast (13)
   (You found it on level 3 of the Lair of Beasts)
Scrolls
 b - 2 scrolls of blinking
 k - 3 scrolls of immolation
 m - 4 scrolls of enchant armour
 t - 7 scrolls of teleportation {!r}
 u - 10 scrolls of remove curse
 y - 3 scrolls of magic mapping
 A - a scroll of amnesia
 G - a scroll of torment {!r}
 I - 3 scrolls of noise
 O - a scroll of fear
Potions
 f - a potion of might
 g - a potion of haste
 h - 3 potions of flight
 i - 3 potions of magic
 p - a potion of brilliance
 q - 4 potions of heal wounds
 w - 11 potions of curing
 z - a potion of agility
 D - 3 potions of cancellation
 N - 4 potions of lignification
 Q - a potion of ambrosia
 V - a potion of invisibility {unknown}
Books
 n - Kikubaaqudgha's Disquisition on Darkness {god gift}
   (Kikubaaqudgha gifted it to you on level 9 of the Dungeon)

   Spells                             Type                      Level
   a - Animate Dead                   Necromancy                   4
   b - Bolt of Draining               Conjuration/Necromancy       5
   c - Agony                          Necromancy                   5
   d - Dispel Undead                  Necromancy                   5
   e - Death Channel                  Necromancy                   6
 o - a book of Geomancy
   (You found it on level 11 of the Dungeon)
 E - Kikubaaqudgha's Grimoire of Dark Rituals {god gift}
   (Kikubaaqudgha gifted it to you on level 6 of the Dungeon)

   Spells                             Type                      Level
   a - Animate Skeleton               Necromancy                   1
   b - Corpse Rot                     Necromancy                   2
   c - Sublimation of Blood           Necromancy                   2
   d - Vampiric Draining              Necromancy                   3
   e - Control Undead                 Necromancy                   4
Miscellaneous
 J - a lightning rod (inert)
   (You found it on level 5 of the Lair of Beasts)
Comestibles
 e - 4 meat rations
 j - 7 royal jellies
 P - 16 bread rations
 R - 19 fruits


You were on level 1 of the Swamp.
You worshipped Kikubaaqudgha.
Kikubaaqudgha was exalted by your worship.
You were hungry.

You visited 4 branches of the dungeon, and saw 25 of its levels.

You collected 2314 gold pieces.
You spent 123 gold pieces at shops.

Dungeon Overview and Level Annotations

Branches:
Dungeon (15/15)            Temple (0/1) D:7            Lair (6/6) D:9
  Swamp (2/4) Lair:3       Spider (0/4) Lair:2        Slime (0/5) Lair:6
    Orc (2/2) D:10            Elf (0/3) Orc:2        Vaults (0/5) D:14
 Depths: D:15

Altars:
Ashenzari
Cheibriados
Elyvilon
Gozag
Hepliaklqana
Kikubaaqudgha
Okawaru
Qazlal
Ru
Wu Jian
Xom
The Shining One
Beogh
Jiyva

Shops:
D:9 ?   D:12 =

Annotations:
Lair:2 Sonja
Swamp:2 Jorgrun
Orc:1 Fannar


Message History

You slice the slime creature!!
The slime creature hits you but does no damage.
A slime creature suddenly becomes a very large slime creature.
Things that are here:
+0 swamp dragon scales {7 rPois}; a swamp dragon corpse
There is nothing here that can be animated!
You barely miss the swamp worm.
You feel sick.
You are no longer poisoned.
The swamp worm barely misses you.
You take 1 damage, and have 86/143 hp.
You miss the swamp worm.
A very large slime creature splits.
The swamp worm barely misses you.
You miscast Corpse Rot.
You are very lightly contaminated with residual magic.
Kikubaaqudgha protects you from your miscast necromantic spell!
You block the swamp worm's attack.
You now have 22/24 mp.
You miscast Corpse Rot.
Kikubaaqudgha protects you from your miscast necromantic spell!
You block the swamp worm's attack. You block the slime creature's attack.
You now have 20/24 mp.
You barely miss the slime creature. You barely miss the swamp worm.
A large slime creature splits.
You block the swamp worm's attack.
You hit the slime creature. You completely miss the swamp worm.
The slime creature hits you but does no damage.
You block the swamp worm's attack.
Two slime creatures merge to form a large slime creature.
You slash the large slime creature! You closely miss the swamp worm.
You slash the slime creature! You block the slime creature's attack.
The swamp worm bites you but does no damage.
The large slime creature hits you!
You take 11 damage, and have 77/143 hp.
You hit the large slime creature. You slash the slime creature!
You closely miss the swamp worm. You block the slime creature's attack.
You hit the large slime creature. You completely miss the slime creature.
You closely miss the swamp worm. The swamp worm bites you.
You block the large slime creature's attack.
You take 1 damage, and have 76/143 hp.
You hit the large slime creature. You slash the slime creature!
You closely miss the swamp worm.
The swamp worm bites you but does no damage.
The slime creature hits you but does no damage.
You block the large slime creature's attack.
You slash the large slime creature! You slash the swamp worm!
You slash the slime creature! The swamp worm bites you!
* * * LOW HITPOINT WARNING * * *
You block the slime creature's attack.
You take 12 damage, and have 64/143 hp.
You slash the large slime creature! You hit the swamp worm.
You slash the slime creature!
You kill the slime creature!
Kikubaaqudgha accepts your kill.
The large slime creature hits you but does no damage.
The swamp worm bites you!!
* * * LOW HITPOINT WARNING * * *
You take 18 damage, and have 46/143 hp.
You are feeling hungry.
You slice the large slime creature!!
Your chain mail prevents you from hitting the swamp worm.
The large slime creature hits you!
* * * LOW HITPOINT WARNING * * *
The swamp worm bites you.
* * * LOW HITPOINT WARNING * * *
You take 10 damage, and have 36/143 hp.
MP restored: 24 You see here a glowing quarterstaff.
A shambling mangrove comes into view.
You found a shaft!
Really read
t - 8 scrolls of teleportation {!r}?
As you read the scroll of teleportation {!r}, it crumbles to dust.
You feel strangely unstable.
A large slime creature splits.
The slime creature falls through a shaft!
The shaft crumbles and collapses.
Your surroundings seem slightly different.
Splash!
You fall into the shallow water.
Moving in this stuff is going to be slow.
The shambling mangrove reaches out with a gnarled limb.
Grasping roots rise from the ground around the shambling mangrove!
Kikubaaqudgha delivers you corpses!
You feel somewhat more hungry.
Roots grasp at your feet, making movement difficult.
You now have 21/24 mp.
You see here a spiny frog corpse.
You attempt to give life to the dead...
Before your eyes, flesh is ripped from the corpse!
The dead are hopping!
You see here 3 inedible chunks of flesh.
The shambling mangrove hits you!!
* * * LOW HITPOINT WARNING * * *
Your spiny frog skeleton hits the shambling mangrove but does no damage.
You see here a swamp dragon corpse.
You take 19 damage, and have 22/143 hp.
You feel yourself speed up.
Your spiny frog skeleton hits the shambling mangrove but does no damage.
The slime creature hits you.
* * * LOW HITPOINT WARNING * * *
The shambling mangrove hits you!!
You die...
Kikubaaqudgha rasps: "You have failed me!
Welcome... death!"

≈≈≈...≈...≈≈.....≈...≈≈≈≈≈.....≈♣
≈≈≈≈≈≈≈≈..≈≈≈≈..≈≈≈.≈≈...≈.......
≈≈≈≈≈≈≈≈≈≈§≈≈.♣≈≈≈≈.≈≈...≈≈)≈.[..
≈≈≈.≈≈≈≈≈≈≈≈≈.♣♣♣♣♣♣.≈.♣≈♣.≈≈≈≈>.
≈≈...........≈♣ ♣♣♣♣♣♣...≈≈≈≈..
≈≈..≈..≈≈...♣♣♣ ♣♣♣...♣....≈≈≈≈..
..♣....≈≈.♣♣♣ ♣♣§..≈≈.≈...≈≈≈≈..
..≈♣♣..♣..♣♣ ♣ZJ≈....♣♣♣♣≈≈≈...
...........♣ ♣@fw≈.♣♣♣..≈.≈≈...
...≈≈.≈≈....♣ ♣♣≈≈≈.♣ ♣♣♣≈.≈...
≈≈≈≈≈...≈≈≈..♣ ♣♣≈≈§.♣ ♣♣.≈≈≈%
≈≈≈≈≈≈≈≈≈≈≈..♣ ♣.≈≈≈.♣ ♣♣.≈≈.
≈≈.≈≈≈≈≈....♣. .≈≈≈≈.♣ ♣.≈..
..≈≈≈≈≈≈≈≈.♣♣ ♣...≈..♣ .≈....
♣≈≈....≈≈≈♣♣ ♣≈♣≈≈♣♣♣ ≈.≈.≈≈≈.
♣♣≈≈≈≈..≈.≈ ♣♣ ♣...≈..♣/ ≈≈≈≈.
.......♣♣


You could see a shambling mangrove, a slime creature, a swamp worm and a
friendly spiny frog skeleton.

Notes
Turn   | Place    | Note
-------+----------+-------------------------------------------
     0 | D:1      | theanonym the Hill Orc Fighter began the quest for the Orb.
     0 | D:1      | Reached XP level 1. HP: 19/19 MP: 1/1
   128 | D:1      | Reached skill level 3 in Axes
   304 | D:1      | Reached XP level 2. HP: 27/27 MP: 2/2
   531 | D:1      | Reached skill level 4 in Fighting
   645 | D:2      | Noticed Sigmund
   683 | D:2      | Reached skill level 4 in Axes
   683 | D:2      | Reached XP level 3. HP: 33/33 MP: 3/3
   992 | D:2      | Reached XP level 4. HP: 40/41 MP: 4/4
  1019 | D:2      | Reached skill level 5 in Axes
  1087 | D:2      | HP: 19/41 [Sigmund/scythe (5)]
  1093 | D:2      | Killed Sigmund
  1093 | D:2      | Reached skill level 5 in Fighting
  1093 | D:2      | Reached skill level 6 in Axes
  1093 | D:2      | Reached XP level 5. HP: 17/48 MP: 5/5
  1093 | D:2      | Reached XP level 6. HP: 20/56 MP: 6/6
  1360 | D:2      | HP: 27/56 [gnoll/flail (4)]
  1364 | D:2      | Reached skill level 7 in Axes
  1541 | D:2      | Found an iron altar of Okawaru.
  1863 | D:3      | Found a snail-covered altar of Cheibriados.
  2203 | D:3      | Found a stormy altar of Qazlal.
  2395 | D:3      | Found a white marble altar of Elyvilon.
  2513 | D:4      | Noticed Natasha
  2554 | D:4      | Killed Natasha
  2647 | D:4      | Noticed Natasha
  2660 | D:4      | Found an ancient bone altar of Kikubaaqudgha.
  2670 | D:4      | Killed Natasha
  2678 | D:4      | Became a worshipper of Kikubaaqudgha
  2746 | D:4      | Noticed Natasha
  2751 | D:4      | HP: 23/57 [ogre/giant spiked club (13)]
  2757 | D:4      | HP: 19/57 [orc/hand axe (5)]
  3233 | D:4      | Reached skill level 6 in Fighting
  3238 | D:4      | Reached skill level 8 in Axes
  3238 | D:4      | Reached XP level 7. HP: 59/63 MP: 7/7
  3454 | D:4      | Killed Natasha
  3598 | D:5      | Entered Level 5 of the Dungeon
  3647 | D:5      | Reached skill level 9 in Axes
  3967 | D:5      | Paralysed by a big kobold for 4 turns
  3972 | D:5      | Reached skill level 7 in Fighting
  3972 | D:5      | Reached XP level 8. HP: 62/73 MP: 8/8
  4039 | D:5      | Found a hazy altar of Hepliaklqana.
  4049 | D:5      | Found an ornate altar of the Wu Jian Council.
  4272 | D:5      | Reached skill level 10 in Axes
  4472 | D:6      | Noticed Edmund
  4494 | D:6      | Killed Edmund
  4658 | D:6      | Found an opulent altar of Gozag.
  4658 | D:6      | Found a shimmering altar of Xom.
  4986 | D:6      | Reached skill level 11 in Axes
  5114 | D:6      | Found a sacrificial altar of Ru.
  5118 | D:6      | Reached * piety under Kikubaaqudgha
  5118 | D:6      | Identified Kikubaaqudgha's Grimoire of Dark Rituals {god gift} (Kikubaaqudgha gifted it to you on level 6 of the Dungeon)
  5118 | D:6      | Received a gift from Kikubaaqudgha
  5220 | D:6      | Found a shattered altar of Ashenzari.
  5243 | D:6      | Reached skill level 8 in Fighting
  5424 | D:7      | Found a staircase to the Ecumenical Temple.
  5460 | D:7      | Noticed a hippogriff
  5542 | D:7      | HP: 29/75 [steam dragon/ball of steam (17)]
  5545 | D:7      | Reached skill level 12 in Axes
  5545 | D:7      | Reached XP level 9. HP: 30/82 MP: 9/9
  5930 | D:7      | Reached skill level 9 in Fighting
  6498 | D:7      | Reached skill level 13 in Axes
  6509 | D:7      | HP: 40/83 [killer bee (2)]
  6514 | D:7      | HP: 34/83 [poisoned by a killer bee]
  6520 | D:7      | HP: 27/83 [poisoned by a killer bee]
  6525 | D:7      | HP: 20/84 [poisoned by a killer bee]
  6530 | D:7      | HP: 17/84 [poisoned by a killer bee]
  6535 | D:7      | HP: 15/84 [poisoned by a killer bee]
  6540 | D:7      | HP: 12/84 [poisoned by a killer bee]
  6546 | D:7      | HP: 11/84 [poisoned by a killer bee]
  6552 | D:7      | HP: 10/84 [poisoned by a killer bee]
  6560 | D:7      | HP: 10/84 [poisoned by a killer bee]
  7371 | D:8      | Reached ** piety under Kikubaaqudgha
  7543 | D:8      | Reached skill level 4 in Armour
  7543 | D:8      | Reached skill level 4 in Shields
  7769 | D:8      | Reached XP level 10. HP: 85/93 MP: 10/10
  7791 | D:8      | Got a crude helmet
  7802 | D:8      | Identified the +0 helmet of Trog's Castigation {rF++} (You found it on level 8 of the Dungeon)
  7920 | D:8      | Found a glowing golden altar of the Shining One.
  8243 | D:9      | Noticed a two-headed ogre
  8257 | D:9      | Killed a two-headed ogre
  8257 | D:9      | Reached skill level 10 in Fighting
  8257 | D:9      | Reached skill level 14 in Axes
  8257 | D:9      | Reached skill level 5 in Armour
  8257 | D:9      | Reached skill level 5 in Shields
  8640 | D:8      | HP: 45/93 [yak (8)]
  8862 | D:9      | Found Xoixkagg's Magic Scroll Shop.
  8892 | D:9      | HP: 45/94 [basilisk (4)]
  8900 | D:9      | HP: 35/94 [crocodile (7)]
  9105 | D:9      | HP: 44/94 [killer bee (7)]
  9316 | D:9      | Found a staircase to the Lair.
  9390 | D:9      | Bought a scroll of fear for 45 gold pieces
  9390 | D:9      | Bought a scroll of identify for 26 gold pieces
  9390 | D:9      | Bought a scroll of identify for 26 gold pieces
  9390 | D:9      | Bought a scroll of identify for 26 gold pieces
  9511 | D:9      | Reached skill level 6 in Shields
  9587 | D:9      | Reached skill level 6 in Armour
  9639 | D:9      | Reached *** piety under Kikubaaqudgha
  9639 | D:9      | Identified Kikubaaqudgha's Disquisition on Darkness {god gift} (Kikubaaqudgha gifted it to you on level 9 of the Dungeon)
  9639 | D:9      | Received a gift from Kikubaaqudgha
  9645 | D:9      | Learned a level 4 spell: Animate Dead
  9651 | D:9      | Learned a level 5 spell: Dispel Undead
  9690 | D:10     | Entered Level 10 of the Dungeon
  9732 | D:10     | Noticed Erolcha
  9749 | D:10     | Killed Erolcha
  9749 | D:10     | Reached skill level 15 in Axes
  9749 | D:10     | Reached XP level 11. HP: 101/101 MP: 11/11
  9828 | D:10     | Noticed Erica
  9839 | D:10     | Killed Erica
  9839 | D:10     | Reached skill level 11 in Fighting
  9903 | D:10     | Found a staircase to the Orcish Mines.
  9991 | D:10     | Reached **** piety under Kikubaaqudgha
 10173 | D:10     | Noticed a two-headed ogre
 10181 | D:10     | Killed a two-headed ogre
 10376 | D:10     | Reached skill level 7 in Shields
 10436 | D:10     | Reached skill level 7 in Armour
 10762 | D:10     | Reached skill level 16 in Axes
 10933 | D:10     | Noticed Harold
 10961 | D:10     | HP: 49/102 [Harold/morningstar (8)]
 10966 | D:10     | Killed Harold
 11256 | Orc:1    | Entered Level 1 of the Orcish Mines
 11375 | Orc:1    | Found a roughly hewn altar of Beogh.
 11518 | Lair:1   | Entered Level 1 of the Lair of Beasts
 11555 | Lair:1   | HP: 52/104 [poisoned by a spiny frog]
 11560 | Lair:1   | HP: 48/104 [poisoned by a spiny frog]
 11566 | Lair:1   | HP: 46/104 [poisoned by a spiny frog]
 11573 | Lair:1   | HP: 45/104 [poisoned by a spiny frog]
 11580 | Lair:1   | HP: 45/104 [poisoned by a spiny frog]
 11581 | Lair:1   | Noticed an eight-headed hydra
 11583 | Lair:1   | Killed an eight-headed hydra
 11583 | Lair:1   | Reached skill level 8 in Armour
 11583 | Lair:1   | Reached skill level 8 in Shields
 11588 | Lair:1   | HP: 42/104 [poisoned by a spiny frog]
 11837 | Lair:1   | Reached skill level 12 in Fighting
 11841 | Lair:1   | Reached XP level 12. HP: 71/112 MP: 12/12
 12081 | Lair:1   | HP: 56/112 [poisoned by a black mamba]
 12086 | Lair:1   | HP: 49/112 [poisoned by a black mamba]
 12091 | Lair:1   | HP: 42/112 [poisoned by a black mamba]
 12096 | Lair:1   | HP: 37/112 [poisoned by a black mamba]
 12101 | Lair:1   | HP: 35/112 [poisoned by a black mamba]
 12107 | Lair:1   | HP: 32/112 [poisoned by a black mamba]
 12112 | Lair:1   | HP: 32/112 [poisoned by a black mamba]
 12119 | Lair:1   | HP: 32/112 [poisoned by a black mamba]
 12127 | Lair:1   | HP: 32/112 [poisoned by a black mamba]
 12228 | Lair:1   | HP: 55/112 [crocodile (5)]
 12827 | Lair:1   | Noticed teton's ghost (journeyman DrFE)
 12843 | Lair:1   | Killed teton's ghost
 12843 | Lair:1   | Reached skill level 9 in Armour
 12843 | Lair:1   | Reached skill level 9 in Shields
 12885 | Lair:1   | theanonym: !lg * killer=~thean
 12885 | Lair:1   | beem: 16. Bazinga the Skirmisher (L6 MiFi), slain by theanonym's ghost on D:4 on 2017-11-27 06:38:40, with 471 points after 3287 turns and 0:06:07.
 13421 | Lair:2   | Found a hole to the Spider Nest.
 13432 | Lair:2   | Reached ***** piety under Kikubaaqudgha
 13601 | Lair:2   | Noticed Sonja
 13618 | Lair:2   | HP: 56/113 [spiny frog (6)]
 13912 | Lair:2   | HP: 55/113 [komodo dragon (18)]
 13918 | Lair:1   | HP: 21/113 [komodo dragon (15)]
 13919 | Lair:1   | HP: 2/113 [komodo dragon (19)]
 14398 | Lair:2   | HP: 56/113 [yak (12)]
 14634 | Lair:2   | Reached skill level 13 in Fighting
 15939 | Lair:3   | Reached skill level 10 in Armour
 15939 | Lair:3   | Reached skill level 10 in Shields
 16927 | Lair:4   | Reached XP level 13. HP: 92/123 MP: 13/13
 17939 | Lair:5   | Reached skill level 14 in Fighting
 17953 | Lair:5   | Wingboner: Вангую прибежавшего на звук Руперта.
 18162 | Lair:5   | Reached skill level 11 in Shields
 18168 | Lair:5   | theanonym: Из-за брони кастовать не могу
 18225 | Lair:5   | Reached skill level 11 in Armour
 18633 | Lair:6   | Entered Level 6 of the Lair of Beasts
 18672 | Lair:5   | Wingboner: Ну дык ты сразу какой там, шестой уровень хочешь?
 18772 | Lair:6   | Wingboner: Скелетов поднимай.
 18772 | Lair:6   | theanonym: 4
 18772 | Lair:6   | Wingboner: Скелеты первый.
 18772 | Lair:6   | Wingboner: Вон, почти прокачано.
 18772 | Lair:6   | theanonym: Надо сначала щит докачать до 15 чтобы штраф убрать
 18772 | Lair:6   | Wingboner: А там и гниль подоспеет, гниль тоже крута.
 18772 | Lair:6   | theanonym: И броню
 18772 | Lair:6   | Wingboner: >>>>>>0 скила
 18772 | Lair:6   | Wingboner: Броня не так влияет. Ты некру качай, лол.
 18772 | Lair:6   | Wingboner: У тебя даже вон с 0 скила уже не 100% фейл скелетов и гнили.
 18772 | Lair:6   | theanonym: Ну щит по любому больше влияет
 18772 | Lair:6   | Wingboner: Щит влияет, но ~5 в некре уже из тебя кастера сделает.
 18772 | Lair:6   | Wingboner: И это дешевле.
 18784 | Lair:5   | Reached skill level 1 in Necromancy
 18835 | Lair:6   | Wingboner: Вот сейчас глянем шанс после этой пачки.
 18847 | Lair:6   | Wingboner: Во, видишь, как быстро растёт?
 18866 | Lair:5   | HP: 61/125 [spiny frog (11)]
 18871 | Lair:5   | Reached skill level 2 in Necromancy
 18871 | Lair:5   | HP: 59/125 [poisoned by a spiny frog]
 18877 | Lair:5   | HP: 56/125 [poisoned by a spiny frog]
 18884 | Lair:5   | HP: 55/125 [poisoned by a spiny frog]
 18891 | Lair:5   | HP: 56/125 [poisoned by a spiny frog]
 18899 | Lair:5   | HP: 56/125 [poisoned by a spiny frog]
 18931 | Lair:5   | HP: 62/125 [blink frog (3)]
 18940 | Lair:5   | HP: 50/125 [blink frog (14)]
 19604 | Lair:5   | HP: 48/125 [tyrant leech (18)]
 19641 | Lair:5   | Reached skill level 3 in Necromancy
 19912 | Lair:5   | Learned a level 1 spell: Animate Skeleton
 20161 | Lair:6   | Reached skill level 4 in Necromancy
 20176 | Lair:6   | Reached skill level 12 in Shields
 20181 | Lair:6   | Wingboner: Меня улыбает кастомизация сообщений при анимировании мёртвых.
 20181 | Lair:6   | Wingboner: "Мёртвые идут, ползут и прыгают!"
 20181 | Lair:6   | theanonym: Да ерунда
 20181 | Lair:6   | Wingboner: ?
 20181 | Lair:6   | theanonym: Надо реген найти
 20181 | Lair:6   | theanonym: Ну ничего особенного
 20215 | Lair:6   | HP: 56/125 [yak (8)]
 20221 | Lair:6   | HP: 56/125 [poisoned by a spiny frog]
 20298 | Lair:6   | Reached skill level 15 in Fighting
 20358 | Lair:6   | Wingboner: Кстати, от некры зависит сила абилок Кику.
 20610 | Lair:6   | Found a viscous altar of Jiyva.
 20610 | Lair:6   | Found a staircase to the Slime Pits.
 20674 | Lair:6   | Reached ****** piety under Kikubaaqudgha
 20678 | Lair:6   | Reached XP level 14. HP: 99/135 MP: 14/14
 20800 | Lair:6   | Reached skill level 5 in Necromancy
 20802 | Lair:6   | theanonym: Тормент можно на уников использовать а больше она ничего не делает кроме трупов
 20945 | Lair:6   | theanonym: В прошлой игре ни разу не использовал тормент
 21513 | Lair:6   | Wingboner: ??kiku
 21513 | Lair:6   | beem: kikubaaqudgha[1/5]: God of necromantic awesomeness. Grants necromancy {kiku randbook}s at 1 and 3 stars, and at 6 stars, will either pain-brand a weapon or grant you the Necronomicon (only one of the two) at an altar. Provides corpses, invocable torment, torment protection, and blocks necromancy miscast effects.
 21513 | Lair:6   | theanonym: Зомби для свампа и пауков, а к ваультам дет чанел надо
 21513 | Lair:6   | theanonym: Последнее время везёт что шолсы не выпадают
 21513 | Lair:6   | Wingboner: А мне выпали, и Мара там. Я сохранился, лень сейчас эти танцы устраивать.
 21668 | Lair:6   | Wingboner: Сейчас работу последний раз проверю (упоротый этот шиздец), сдам и буду читать все книжки, которые успели обновиться за то время, пока я работал.
 21678 | Lair:6   | Wingboner: Вооооот.
 21774 | Lair:6   | Wingboner: Ты бы купил смарт-часы, которые, когда на улице град, просят положить их в доме, выйти посмотреть, как оно там, и потом рассказать?
 21774 | Lair:6   | theanonym: Нет
 21821 | Lair:6   | Wingboner: Тут у них встроенный помощник, и у него все фразы такие.
 21834 | Lair:6   | Got a bloodstained plate armour {18}
 21939 | Lair:6   | Wingboner: Один из вариантов, когда солнечная погода:
 21939 | Lair:6   | Wingboner: >Попробуй загореть — может, внешний вид улучшишь.
 21939 | Lair:6   | Wingboner: >Тебе не идет цвет вареного рака. Прости, что не извиняюсь.
 21939 | Lair:6   | theanonym: В умных часах полезный только вибро будильник
 22059 | D:9      | Reached skill level 13 in Shields
 22093 | D:8      | Wingboner: >Сегодня снег. Зачем тратить время, делая снежных ангелов, когда можно нарисовать… Ты знаешь, о чем я думаю.
 22380 | Orc:2    | Entered Level 2 of the Orcish Mines
 22403 | Orc:2    | Wingboner: Ну тут погода/фитнес-трекер/расписание/вот этот упоротый помощник — встроено сразу, плюс поддержка микроприложений.
 22416 | Orc:2    | Found a staircase to the Elven Halls.
 22536 | Orc:1    | theanonym: Для этого можно использовать смарфон
 22536 | Orc:1    | Wingboner: Ну понятно. Потому у меня таких часов и нет.
 22536 | Orc:1    | Wingboner: А кому-то нужны. Вот поэтому я сейчас сижу и проверяю, как я их локализировал на русский.
 22536 | Orc:1    | theanonym: Мне говорили что на часах будильник очень крутой
 22536 | Orc:1    | Wingboner: Потому что мне за это очень хорошо платят.
 22542 | Orc:2    | HP: 59/136 [orc priest/divine providence (11)]
 22549 | Orc:1    | HP: 56/136 [orc wizard/dagger (1)]
 22869 | Orc:2    | Wingboner: Честно говоря, будильник хороший не на часах, а на фитнес-браслете, в котором из функций только трекер и будильник. Потому что там батарейки хватает очень надолго, можно не париться. А часы сейчас садятся слишком быстро, часто даже на день не хватает.
 23166 | Orc:1    | Wingboner: Чоппа!
 23181 | Orc:2    | theanonym: Плейт не стоит же надевать?
 23193 | Orc:2    | theanonym: 67 и 91
 23343 | Orc:1    | Noticed Fannar
 23364 | Orc:2    | HP: 57/136 [two-headed ogre/great mace (17)]
 23713 | Orc:2    | Wingboner: Ну всяко бывает.
 23722 | Orc:1    | Wingboner: Тут просто у тебя статы ещё низковаты.
 23722 | Orc:1    | theanonym: У орка фатера 23 финальная сила если качать только интеллект
 23722 | Orc:1    | Wingboner: Я даже не знаю, сколько у тебя EV в плейте получится.
 23722 | Orc:1    | Wingboner: !stats hofi
 23725 | Orc:2    | Gained mutation: Armour fits poorly on your strangely shaped body. [a neqoxec]
 23727 | Orc:1    | theanonym: Хорошо мутацию поймал
 23758 | D:11     | Wingboner: Что там?
 23762 | D:11     | Wingboner: Ы.
 23762 | D:11     | theanonym: Броня
 23823 | D:11     | beem: 90s limit exceeded: killed !stats hofi
 23882 | D:11     | Wingboner: Что интересно, у меня она же тоже есть.
 23882 | D:11     | Wingboner: !stats hofi
 23946 | D:11     | Wingboner: Но у меня настолько жирный чар, что там уже пофиг.
 23981 | D:11     | beem: Starting stats for HOFi: Str 18 Int 8 Dex 10. Stat gain: s/5
 24000 | D:11     | HP: 68/136 [poisoned by a worker ant]
 24005 | D:10     | HP: 51/136 [brown ugly thing (4)]
 24010 | D:10     | HP: 41/136 [poisoned by a worker ant]
 24018 | D:10     | HP: 42/136 [poisoned by a worker ant]
 24318 | D:10     | Lost mutation: Armour fits poorly on your strangely shaped body. [potion of mutation]
 24318 | D:10     | Gained mutation: You have sharp toenails. [potion of mutation]
 24318 | D:10     | Gained mutation: Your spells are a little harder to cast, but a little more powerful. [potion of mutation]
 24319 | D:10     | theanonym: Во
 24319 | D:10     | Wingboner: &dump inquiry
 24319 | D:10     | beem: http://CRAWL.XTAHUA.COM/crawl/morgue/Inquiry/Inquiry.txt
 24319 | D:10     | Wingboner: Так всё равно.
 24319 | D:10     | Wingboner: -шанс каста
 24319 | D:10     | theanonym: Сойдёт
 24319 | D:10     | theanonym: Орку можно силу и интеллект иметь на уровне, вот у демона самая жопа
 24319 | D:10     | theanonym: Там похоже тяжее скейл мейла не наденешь ничего
 24388 | D:11     | Wingboner: Ну, э.
 24388 | D:11     | Wingboner: По ссылке демоний выродок как раз у меня.
 24388 | D:11     | Wingboner: С деформацией.
 24391 | D:11     | Wingboner: На которую ему срать.
 24731 | D:11     | Noticed Snorg
 24733 | D:11     | Wingboner: Вещами просто нагнал статы до весьма неплохих.
 24734 | D:11     | Wingboner: И кастую девятки в оранжевой броне.
 24744 | D:11     | Killed Snorg
 25070 | D:12     | Noticed Nergalle
 25125 | D:11     | Killed Nergalle
 25285 | D:12     | Reached skill level 17 in Axes
 25474 | D:12     | Noticed Maurice
 25505 | D:11     | Wingboner: Орком, кстати, очень весело сейчас в выжигание выходить.
 25629 | D:11     | Wingboner: !apt ho
 25629 | D:11     | beem: HO: Fighting: 2, Short: 0, Long: 1, Axes: 3, Maces: 1, Polearms: 1, Staves: -1, Slings: -1, Bows: -1, Xbows: -1, Throw: -1, Armour: 1, Dodge: -2, Stealth: -1, Shields: 1, UC: 1, Splcast: -3, Conj: 0, Hexes: 0, Charms: -1, Summ: 0, Nec: 0, Tloc: -2, Tmut: -3, Fire: 1, Ice: -1, Air: -2, Earth: 0, Poison: -1, Inv: 3, Evo: 0, Exp: 0, HP: 1, MP: 0
 25655 | D:11     | Wingboner: Во, +1 на огонь.
 25655 | D:11     | Wingboner: А ты гниль выучи.
 25655 | D:11     | Wingboner: Она довольно злая, если по живым.
 25655 | D:11     | theanonym: Как-то её использовать неудобно
 25655 | D:11     | Wingboner: Ну призвал трупы от кику и бабахнул.
 25655 | D:11     | Wingboner: Или уже готовые использовал.
 25655 | D:11     | theanonym: Они вечно не там где надо
 25655 | D:11     | theanonym: В пауках можно будет
 25664 | D:12     | Killed Maurice
 25700 | D:12     | Found Zaluilaf's Jewellery Emporium.
 25870 | D:12     | Wingboner: В коридоре отлично заходит.
 25904 | D:12     | theanonym: И ещё рекал нужен
 25904 | D:12     | theanonym: Без него очень плохо
 26468 | D:13     | Reached skill level 18 in Axes
 26624 | D:13     | Reached XP level 15. HP: 122/143 MP: 15/15
 26816 | D:13     | Reached skill level 6 in Necromancy
 27022 | D:13     | theanonym: Никак не привыкну к тому что у насекомых нет скелета
 27150 | D:13     | You fall through a shaft for 2 floors!
 27150 | D:13     | Wingboner: Ну, если некры достаточно много, то нормально.
 27150 | D:15     | Entered Level 15 of the Dungeon
 27151 | D:15     | Wingboner: Потому что можно от Кику призвать трупов новеньких.
 27155 | D:15     | Wingboner: Ну да, у них экзоскелет.
 27155 | D:15     | Wingboner: Реализм!
 27197 | D:15     | Wingboner: Труп поднять можно, но не скелет.
 27246 | D:15     | HP: 69/143 [red ugly thing (5)]
 27252 | D:15     | HP: 65/143 [jumping spider (shapeshifter) (1)]
 27353 | D:15     | HP: 55/143 [white ugly thing (33)]
 27361 | D:15     | HP: 46/143 [white ugly thing (11)]
 27367 | D:15     | HP: 24/143 [vampire mosquito (1)]
 27375 | D:14     | Noticed Josephine
 27379 | D:14     | HP: 11/143 [Josephine/ghostly fireball (12)]
 27421 | D:14     | Killed Josephine
 27919 | D:14     | Identified the +9 plate armour of Gapabb {-Tele rN+ MR++, 18} (You found it on level 6 of the Lair of Beasts)
 27946 | D:14     | Reached skill level 14 in Shields
 28382 | D:14     | Found a gate to the Vaults.
 28848 | Lair:3   | Found a staircase to the Swamp.
 29090 | Swamp:1  | Entered Level 1 of the Swamp
 29260 | Swamp:1  | HP: 64/143 [alligator[an alligator] (16)]
 29263 | Swamp:1  | Reached skill level 7 in Necromancy
 29510 | Swamp:1  | Learned a level 2 spell: Corpse Rot
 29541 | Swamp:2  | Noticed Jorgrun
 29573 | Swamp:1  | HP: 64/143 [swamp worm (12)]
 29591 | Swamp:1  | HP: 22/143 [shambling mangrove (19)]
 29592 | Swamp:1  | Demolished by a shambling mangrove

Vanquished Creatures
  Snorg (D:11)
  Josephine (D:14)
  Erolcha (D:10)
  Harold (D:10)
  6 hydras
  A centaur warrior (D:14)
  The ghost of teton the Destroyer, a journeyman DrFE of Vehumet (Lair:1)
  Erica (D:10)
  6 two-headed ogres
  2 alligators (Swamp:1)
  Nergalle (D:11)
  An unseen horror (D:13)
  A swamp dragon (Swamp:1)
  A necromancer (D:14)
  A lindwurm (Lair:5)
  3 orc sorcerers (Orc:2)
  An orc knight (Orc:1)
  2 deep elf magi
  3 manticores
  A cyclops (D:12)
  3 ugly things
  6 elephants
  Maurice (D:12)
  21 spiny frogs
  A gargoyle (D:12)
  2 black mambas
  A kobold demonologist (D:11)
  An efreet (D:13)
  6 komodo dragons
  3 rime drakes
  5 trolls
  A jumping spider (shapeshifter) (D:15)
  2 tyrant leeches
  16 blink frogs
  6 slime creatures
  2 dream sheep (Lair:6)
  13 hippogriffs
  Sigmund (D:2)
  A shadow (Swamp:1)
  5 wraiths (D:14)
  53 yaks
  A vampire (D:12)
  A spriggan (D:10)
  6 wyverns
  2 steam dragons (D:7)
  6 basilisks
  2 hungry ghosts
  9 vampire mosquitoes
  3 wargs
  5 swamp worms
  Edmund (D:6)
  A soldier ant (D:14)
  An acid dragon (D:13)
  12 water moccasins
  7 porcupines
  A swamp drake (Swamp:1)
  5 sky beasts
  3 phantoms (D:10)
  7 orc warriors
  6 ice beasts
  An eye of draining (D:14)
  14 centaurs
  8 ogres
  A necrophage (D:10)
  23 crocodiles
  13 wolves
  26 bullfrogs
  3 big kobolds
  A troll zombie (D:10)
  5 scorpions
  16 killer bees
  2 howler monkeys (D:12)
  12 wights
  2 electric eels
  6 crimson imps
  5 centaur zombies
  4 centaur skeletons
  2 bullfrog zombies
  7 hounds
  A bullfrog skeleton (D:13)
  A quasit (D:8)
  9 orc priests
  4 jellies
  5 iguanas
  Natasha (thrice) (D:4)
  9 worker ants
  12 orc wizards
  A killer bee zombie (D:6)
  7 ogre zombies (D:10)
  A hound zombie (D:10)
  13 adders
  4 gnolls (D:2)
  A howler monkey skeleton (D:5)
  A shadow imp (D:9)
  An ooze (D:4)
  2 adder skeletons
  A worm (D:6)
  A dart slug (D:1)
  4 leopard geckos
  39 orcs
  3 giant cockroaches
  3 goblins
  8 hobgoblins
  16 jackals
  5 quokkas
  8 bats
  5 frilled lizards
  4 goblin zombies (D:10)
  5 hobgoblin zombies (D:10)
  18 kobolds
  5 orc skeletons (D:10)
  11 orc zombies (D:10)
  A quokka skeleton (D:7)
  6 rats
  5 fungi
  A plant (Lair:6)
640 creatures vanquished.

Vanquished Creatures (collateral kills)
  A wizard (D:14)
  An ugly thing (D:15)
  A black mamba (Lair:6)
  2 spiny frogs (Lair:6)
  A komodo dragon (D:13)
  A tyrant leech (Lair:6)
  2 blink frogs (Lair:6)
  2 dream sheep (Lair:6)
  A wyvern (Lair:6)
  9 yaks
  A vampire mosquito (Lair:6)
  A water moccasin (Lair:6)
  3 orc warriors
  A swamp drake (Swamp:1)
  An ogre (Orc:2)
  A crocodile (Lair:6)
  3 electric eels (Lair:6)
  An orc (Orc:2)
33 creatures vanquished.

Vanquished Creatures (others)
  An orc priest (Orc:2)
  3 bushes (D:9)
  15 fungi
  47 plants
66 creatures vanquished.

Grand Total: 739 creatures vanquished

Table legend:
 A = Turns spent in this place as a percentage of turns spent in the entire game.
 B = Non-inter-level travel turns spent in this place as a percentage of non-inter-level travel turns spent in the entire game.
 C = Inter-level travel turns spent in this place as a percentage of turns spent in this place.
 D = Turns resting spent in this place as a percentage of non-inter-level travel turns spent in this place.
 E = Turns spent auto-exploring this place as a percentage of non-inter-level travel turns spent in this place.
 F = Non-inter-level travel turns spent in this place divided by the number of levels of this place that you've seen.
                   A       B       C       D       E      F
               +-------+-------+-------+-------+-------+----------------------
         Total | 100.0 | 100.0 |   5.3 |  45.0 |  36.6 | 1120.8
       Dungeon |  55.9 |  56.3 |   4.6 |  42.8 |  39.2 | 1051.8
          Lair |  37.1 |  36.5 |   6.9 |  47.7 |  34.7 | 1703.3
         Swamp |   1.7 |   1.8 |   0.0 |  52.8 |  17.5 | 251.0
  Orcish Mines |   5.4 |   5.4 |   4.1 |  46.6 |  28.3 | 760.0
               +-------+-------+-------+-------+-------+----------------------
